 Dungeon Crawl Stone Soup version 0.28.0 (webtiles) character file.

Game seed: 15336444688739896643

33 Akaron the Chiller (level 3, 0/22 HPs)
             Began as an Octopode Ice Elementalist on Feb 17, 2022.
             Slain by a goblin (3 damage)
             ... led by Robin
             ... on level 2 of the Dungeon.
             The game lasted 00:02:17 (1423 turns).

Akaron the Chiller (Octopode Ice Elementalist)      Turns: 1423, Time: 00:02:18

Health: 0/22       AC:  1    Str:  7    XL:     3   Next: 29%
Magic:  6/6        EV: 11    Int: 17    God:
Gold:   42         SH:  7    Dex: 14    Spells: 5/6 levels left

rFire   . . .      SeeInvis .   c - +0 dagger
rCold   . . .      Faith    .   e - +0 kite shield
rNeg    . . .      Spirit   .   (helmet restricted)
rPois   .          Reflect  .   (no amulet)
rElec   .          Harm     .   (no ring)
rCorr   .          Rampage  .   (no ring)
Will    .....                   (no ring)
Stlth   +++.......              (no ring)
HPRegen 0.07/turn               (no ring)
MPRegen 0.10/turn               (no ring)
                                (no ring)
                                (no ring)

@: no status effects
A: almost no armour, amphibious, 8 rings, camouflage 1, gelatinous body 1,
(nimble swimmer 1), tentacles
a: no special abilities


You were on level 2 of the Dungeon.
You visited 1 branch of the dungeon, and saw 3 of its levels.

You collected 42 gold pieces.

Inventory:

Hand Weapons
 c - a +0 dagger (weapon)
Armour
 b - an orb of guile
 e - a +0 kite shield (worn)
Scrolls
 a - a scroll of identify {unknown}
 d - a scroll of fog {unknown}
Potions
 f - a potion of lignification {unknown}


   Skills:
 + Level 0.6 Fighting
 + Level 2.3 Dodging
 + Level 2.8 Stealth
 + Level 2.3 Spellcasting
 + Level 4.5 Ice Magic


You had 5 spell levels left.
You knew the following spells:

 Your Spells              Type           Power      Damage    Failure   Level
a - Freeze                Ice            68%        1d8       11%         1

Your spell library contained the following spells:

 Spells                   Type           Power      Damage    Failure   Level
 Frozen Ramparts          Ice            34%        1d5       32%         3
 Ozocubu's Armour         Ice            17%        N/A       32%         3
 Hailstorm                Conj/Ice       9%         3d4       95%         4


Dungeon Overview and Level Annotations

Branches:
Dungeon (3/15)

Altars:

Annotations:
D:2 Robin


Innate Abilities, Weirdness & Mutations

You cannot wear most types of armour.
You are amphibious.
You can wear up to eight rings at the same time.
Your skin changes colour to match your surroundings (Stealth+).
Your rubbery body absorbs attacks. (AC +1, EV +1)
((You are camouflaged when in or above water. (Stealth+)))
You have tentacles for arms and can constrict up to eight enemies at once.


Message History

You constrict the goblin.
A hobgoblin comes into view.
The goblin hits you with a +0 club.
You hit the goblin.
You kill the goblin!
Robin roars a battlecry!
The goblins go into a battle-frenzy!
You hit the hobgoblin. You grab the hobgoblin.
The hobgoblin is moderately wounded.
You constrict the hobgoblin.
The goblin unwields a +0 club.
The goblin wields a +0 hunting sling.
The goblin shoots a stone.
The stone closely misses you. The hobgoblin closely misses you.
You hit the hobgoblin.
You kill the hobgoblin!
The goblin shoots a stone.
The stone hits you.
The goblin shoots a stone.
The stone hits you.
You are too injured to fight recklessly!
You are too injured to fight recklessly!
You are too injured to fight recklessly!
You hit Robin but do no damage. You grab Robin.
You constrict Robin, but do no damage.
Robin says, "Feeling lonely?"
Robin hits you with a +0 dagger.
The goblin shoots a stone.
The stone barely misses you.
You barely miss Robin. Your squeeze misses Robin. You constrict Robin.
Robin struggles to escape constriction.
The goblin shoots a stone.
The stone hits you.
* * * LOW HITPOINT WARNING * * *
You release your grip on Robin.
There is a stone staircase leading down here.
Robin barely misses you.
You climb downwards.
Found a scroll labelled NOTZITE NUTISA and a gold piece.
There is a stone staircase leading up here.
The orc shouts! x2
Robin's bangles clink loudly.
Robin hits you with a +0 dagger.
* * * LOW HITPOINT WARNING * * *
You climb upwards.
The goblin hits you with a +0 dagger.
You die...

####
##########..#####
#<..............#
##########..###.#
#..# .# #..# .#
#..# .#
#..###)#.####
#@gg.g.......
#gg###g#.#...
#..# .# #..# g#
#..# g# #..# g#
#..# .# #..# ..


You could see Robin, 2 hobgoblins and 3 goblins.

Vanquished Creatures
  An adder (D:2)
  2 endoplasms (D:1)
  3 goblins (D:2)
  A hobgoblin (D:2)
  4 jackals (D:1)
  A kobold (D:1)
  2 quokkas (D:1)
  A ball python (D:1)
  4 bats (D:1)
  A frilled lizard (D:1)
  2 rats (D:1)
22 creatures vanquished.

Vanquished Creatures (others)
  A demonic plant (D:1)
  A fungus (D:1)
2 creatures vanquished.

Grand Total: 24 creatures vanquished

Notes
Turn   | Place    | Note
-------+----------+-------------------------------------------
     0 | D:1      | Akaron the Octopode Ice Elementalist began the quest for
                  | the Orb.
     0 | D:1      | Reached XP level 1. HP: 11/11 MP: 3/3
   276 | D:1      | Found a faded altar of an unknown god.
   327 | D:1      | Reached XP level 2. HP: 10/17 MP: 1/5
  1219 | D:2      | Reached XP level 3. HP: 12/22 MP: 6/6
  1405 | D:2      | Noticed Robin
  1423 | D:2      | Slain by a goblin

Illustrated notes

Levels and vault maps discovered:
D:1:      lightli_molten_gateway, layout_basic, shapermc_ecumenical_altar_gd,
          feat_on_display
D:2:      layout_basic, uniq_robin
D:3:      gammafunk_steamed_eel, layout_rooms,
          grunt_temple_overflow_growth_and_decay, mainiacjoe_overflow_brackets

Action                   || total
-------------------------++-------
Melee: Unarmed           ||     6
       Constrict         ||    13
       Tentacles         ||     8
       Dagger            ||    47
       Punch             ||     1
 Cast: Freeze            ||    13
 Stab: Sleeping          ||     1
Armor: Skin              ||    10
Dodge: Dodged            ||    60
Block: Kite shield       ||     5
